 Dungeon Crawl Stone Soup version 0.31-a0-963-ga325b2283a (webtiles) character file.

Game seed: 10433406638835175948

169 Maxmaps the Changeling (level 5, 0/49 HPs)
             Began as an Octopode Shapeshifter on Oct 25, 2023.
             Slain by a kobold
             ... wielding a +0 club
              (2 damage)
             ... on level 4 of the Dungeon.
             The game lasted 00:02:11 (2609 turns).

Maxmaps the Changeling (Octopode Shapeshifter)      Turns: 2609, Time: 00:02:12

Health: 0/49       AC:  1    Str: 14    XL:     5   Next: 50%
Magic:  5/5        EV: 12    Int: 14    God:
Gold:   128        SH:  4    Dex: 11    Spells: 4/4 levels left

rFire   . .          .
                       - Unarmed
rCold   . . .        l - +0 buckler
rNeg    . . .        (helmet currently unavailable)
rPois   .            (no amulet)
rElec   .            (no ring)
rCorr   .            (no ring)
SInv    .            (no ring)
Will    .....        (no ring) Stlth
                     (no ring)
HPRegen 0.28/turn    (no ring)
MPRegen 0.09/turn    (no ring)
                     (no ring)

%: no passive effects
@: berserking, beast-form, attractive, very quick
A: beast (slay +2), almost no armour, amphibious, 8 rings, camouflage 1,
gelatinous body 1, (nimble swimmer 1), tentacles
a: Begin Untransformation


You were on level 4 of the Dungeon.
You were a hulking beast.
You visited 1 branch of the dungeon, and saw 4 of its levels.

You collected 128 gold pieces.

Inventory:

Missiles
 a - 2 throwing nets
Armour
 l - a +0 buckler (worn)
Talismans
 b - a beast talisman
 c - a flux talisman
Scrolls
 d - 2 scrolls of enchant weapon {unknown}
 e - 2 scrolls of enchant armour {unknown}
 f - a scroll of silence {unknown}
 h - a scroll of noise {unknown}
 i - 3 scrolls of identify {unknown}
 k - a scroll of torment {unknown}
Potions
 m - a potion of heal wounds {unknown}
 n - a potion of enlightenment {unknown}
 o - a potion of mutation {unknown}
 p - a potion of curing {unknown}


   Skills:
 - Level 1.0 Fighting
 - Level 2.0 Dodging
 - Level 4.0 Shields
 - Level 3.0 Unarmed Combat
 + Level 4.1 Shapeshifting


You had 4 spell levels left.
You didn't know any spells.
Your spell library was empty.

Dungeon Overview and Level Annotations

Branches:
Dungeon (4/15)
 Temple: D:4-7

Altars:


Innate Abilities, Weirdness & Mutations

You are a hulking beast.
Your limbs bulge with bestial killing power. (Slay +2)
You cannot wear most types of armour.
You are amphibious.
You can wear up to eight rings at the same time.
Your skin changes colour to match your surroundings (Stealth+).
Your rubbery body absorbs attacks. (AC +1, EV +1)
((You are camouflaged when in or above water. (Stealth+)))
You have tentacles for arms and can constrict up to eight enemies at once.


Message History

The kobold hits you with a +0 club.
There are monsters nearby!
You closely miss the orc wizard. You grab the orc wizard.
You constrict the orc wizard. The kobold hits you with a +0 club.
You block the orc wizard's attack.
There are monsters nearby!
There are monsters nearby!
You tentacle-slap the orc wizard.
The orc wizard is lightly wounded.
You constrict the orc wizard, but do no damage.
The kobold closely misses you.
An iguana comes into view.
You block the orc wizard's attack.
An orc comes into view. It is wielding a +0 hand axe.
The iguana hisses angrily.
You tentacle-slap the orc wizard.
The orc wizard is lightly wounded.
You constrict the orc wizard. The kobold hits you with a +0 club.
The kobold hits you but does no damage.
The orc wizard points at you and mumbles some strange words.
The magic dart hits you.
Unknown command.
You release your grip on the orc wizard.
The kobold attacks as it pursues you! The kobold hits you with a +0 club.
The orc wizard hits you with a +0 dagger.
The kobold attacks as it pursues you! The kobold barely misses you.
It was a potion of attraction.
You feel attractive to monsters. The orc closely misses you.
The orc is attracted toward you. The iguana is attracted toward you.
The orc wizard is attracted toward you.
It was a potion of berserk rage.
A red film seems to cover your vision as you go berserk!
You feel yourself moving faster!
You feel mighty! The orc hits you with a +0 short sword.
The orc hits you with a +0 dagger. The iguana bites you!
* * * LOW HITPOINT WARNING * * *
The orc hits you with a +0 hand axe!
* * * LOW HITPOINT WARNING * * *
The kobold hits you with a +0 club.
You die...

### #...##..#.##
##....#... ...
##.#...... ....
#.... ... ... ..
....#..##..
....#.#K#.#.#.#.#
#.....§ooKo......
#..#.#.#h#.#.#$
#....Wol.......
#.#.#.#§#.#.#.#
...........
..#.#.#.#.#.#
............l.#
..... #.... ...
.... ....<. ..#
... .. ... ...


You could see a phantom, an iguana, an orc wizard, 3 orcs and 2 kobolds.

Vanquished Creatures
  Jessica (D:2)
  4 gnolls
  5 adders
  A worm (D:3)
  5 dart slugs
  An orc (D:3)
  2 ball pythons
  6 endoplasms
  4 goblins
  3 hobgoblins
  5 jackals
  A quokka (D:1)
  2 bats (D:3)
  3 frilled lizards
  A kobold (D:3)
  6 rats
50 creatures vanquished.

Notes
Turn   | Place    | Note
-------+----------+-------------------------------------------
     0 | D:1      | Maxmaps the Octopode Shapeshifter began the quest for the
                  | Orb.
     0 | D:1      | Reached XP level 1. HP: 13/13 MP: 1/1
    42 | D:1      | Reached XP level 2. HP: 18/18 MP: 2/2
   141 | D:1      | Found a faded altar of an unknown god.
   960 | D:2      | Reached XP level 3. HP: 23/23 MP: 3/3
  1009 | D:2      | Noticed Jessica
  1020 | D:2      | Killed Jessica
  1021 | D:2      | Reached skill level 1 in Shields
  1021 | D:2      | Reached XP level 4. HP: 12/28 MP: 4/4
  1754 | D:3      | Reached XP level 5. HP: 17/33 MP: 5/5
  2602 | D:4      | Noticed a phantom
  2609 | D:4      | HP: 2/49 [orc/+0 hand axe (7)]
  2609 | D:4      | Slain by a kobold

Illustrated notes

Levels and vault maps discovered:
D:1:      lightli_arrival_boilingwater, layout_loops_corners,
          ebering_ecumenical_altar_hall
D:2:      layout_rooms, item_on_display_a, uniq_jessica
D:3:      layout_loops_ring, serial_rivers, chequers_serial_rivers_micro_e,
          chequers_serial_rivers_large_b, chequers_serial_rivers_micro_c,
          chequers_serial_rivers_marsh, chequers_serial_rivers_small_3,
          chequers_serial_rivers_small_a, chequers_big_river
D:4:      layout_cave_pools, st_stairs_12, chequers_serial_rivers_micro_d

Skill      XL: |  1  2  3  4  5 |
---------------+----------------+-----
Shapeshifting  | 4 |  4.1
Shields        | 1 3 4 |  4.0
Fighting       | |  1.0
Dodging        | |  2.0
Unarmed Combat | |  3.0

Action                     |  1- 3 |  4- 6 || total
---------------------------+-------+-------++-------
  Melee: Unarmed           |    36 |    65 ||   101
         Constrict         |     9 |    11 ||    20
         Tentacles         |     6 |     9 ||    15
         Punch             |     2 |     2 ||     4
    Use: Potion            |       |     3 ||     3
   Stab: Sleeping          |     6 |     5 ||    11
 Armour: Skin              |     9 |    43 ||    52
  Dodge: Dodged            |    18 |    30 ||    48
  Block: Buckler           |     1 |    13 ||    14

Table legend: (Time is in decaauts)
 A = Elapsed time spent in this place.
 B = Non-inter-level travel time spent in this place.
 C = Inter-level travel time spent in this place.
 D = Time resting spent in this place.
 E = Time spent auto-exploring this place.
 F = Levels seen in this place.
 G = Mean time per level.
                   A        B        C        D        E       F      G
               +--------+--------+--------+--------+--------+-----+--------+
         Total |   2608 |   2534 |     74 |    417 |   1813 |   4 |  652.0 |
       Dungeon |   2608 |   2534 |     74 |    417 |   1813 |   4 |  652.0 |
               +--------+--------+--------+--------+--------+-----+--------+

Top non-repeatable levels by time:
     D:1: 879 daAuts
     D:2: 863 daAuts
     D:3: 857 daAuts
     D:4: 7 daAuts
